 Dungeon Crawl Stone Soup version 0.27.1-35-g4d5d836560 (webtiles) character file.

Game seed: 1711169557501668944

467 Delamore the Covert (level 7, -8/45 HPs)
             Began as an Octopode Brigand on Mar 14, 2022.
             Mangled by a vampire (10 damage)
             ... on level 5 of the Dungeon.
             The game lasted 00:04:58 (4960 turns).

Delamore the Covert (Octopode Brigand)              Turns: 4960, Time: 00:04:59

Health: -8/45      AC:  1    Str: 10    XL:     7   Next: 8%
Magic:  7/7        EV: 13    Int: 13    God:
Gold:   100        SH:  0    Dex: 16    Spells: 6/6 levels left

rFire    . . .     SeeInvis .   p - +2 dagger (venom)
rCold    . . .     Faith    .   (no shield)
rNeg     . . .     Spirit   .   (helmet restricted)
rPois    .         Reflect  .   (no amulet)
rElec    .         Harm     .   f - ring of wizardry
rCorr    .         Rampage  .   (no ring)
Will     .....                  (no ring)
Stlth    +++.......             (no ring)
HPRegen  0.15/turn              (no ring)
MPRegen  0.10/turn              (no ring)
                                (no ring)
                                (no ring)

@: confused
A: almost no armour, amphibious, 8 rings, camouflage 1, gelatinous body 1,
(nimble swimmer 1), tentacles
a: no special abilities


You were on level 5 of the Dungeon.
You visited 1 branch of the dungeon, and saw 5 of its levels.

You collected 100 gold pieces.

Inventory:

Hand Weapons
 a - a +2 dagger
 n - a +1 dagger of venom
 p - a +2 dagger of venom (weapon)
Missiles
 b - 17 poisoned darts (quivered)
 c - 2 curare-tipped darts
Jewellery
 f - a ring of wizardry (left tentacle)
Wands
 k - a wand of paralysis (10)
 r - a wand of flame (27)
Scrolls
 d - a scroll of amnesia
 e - a scroll of summoning {unknown}
 g - a scroll of magic mapping
 h - a scroll of fear {unknown}
 q - a scroll of identify {unknown}
 s - a scroll of teleportation {unknown}
 t - a scroll of blinking {unknown}
Potions
 i - 2 potions of heal wounds {unknown}
 j - 2 potions of cancellation {unknown}
 l - a potion of mutation {unknown}
 m - 2 potions of curing {unknown}
 o - a potion of berserk rage {unknown}


   Skills:
 - Level 2.0 Fighting
 + Level 4.1 Short Blades
 - Level 2.0 Throwing
 - Level 1.0 Dodging
 * Level 9.2 Stealth
 + Level 3.0 Evocations


You had 6 spell levels left.
You didn't know any spells.
Your spell library was empty.

Dungeon Overview and Level Annotations

Branches:
Dungeon (5/15)
 Temple: D:4-7

Altars:
Kikubaaqudgha
Makhleb
Ru
Sif Muna
Trog
Wu Jian
Xom
Yredelemnul

Shops:
D:4 (


Innate Abilities, Weirdness & Mutations

You cannot wear most types of armour.
You are amphibious.
You can wear up to eight rings at the same time.
Your skin changes colour to match your surroundings (Stealth+).
Your rubbery body absorbs attacks. (AC +1, EV +1)
((You are camouflaged near water. (Stealth+)))
You have tentacles for arms and can constrict up to eight enemies at once.


Message History

Found 10 gold pieces.
You now have 100 gold pieces (gained 10).
Found an escape hatch in the ceiling.
Found a hand axe.
There is an escape hatch in the ceiling here.
Found a leather armour.
Found a robe.
Found a stone staircase leading down.
A vampire comes into view.
A vampire is nearby!
You barely miss the vampire. Your grab misses the vampire.
You squeeze the vampire, but do no damage.
The vampire hits you. The vampire misses you.
You completely miss the vampire. You grab the vampire.
You constrict the vampire, but do no damage.
The vampire hits you. The vampire barely misses you.
You hit the vampire but do no damage. You constrict the vampire.
The vampire hits you. The vampire closely misses you.
You hit the vampire but do no damage.
The vampire is lightly damaged.
You constrict the vampire. The vampire misses you. The vampire bites you!
The vampire draws strength from your injuries!
You are too injured to fight recklessly!
Aiming: Paralyse
Press: ? - help, Shift-Dir - straight line, f - vampire
Aim: a vampire (constricted by you, chance to affect: 37%)
The vampire easily resists.
You constrict the vampire.
The vampire casts a spell.
The vampire flickers and vanishes!
Deactivating autopickup; reactivate with Ctrl-A.
You release your grip on something.
You hear some strange, mumbled words.
You are confused.
You're too confused to move!
Something barely misses you. Something bites you!
Something draws strength from your injuries!
You bump into the rock wall.
Something hits you!
* * * LOW HITPOINT WARNING * * *
Something bites you!
You die...

......# #...#######..
###O#########........#.#
..#........#########.#.#
#.#..#####.# #.#.####.#
#.#..#####.## ##.#...[.>#
.....##.....# ##...#######
#.##.##.##..## ##...#.#####
#.##.##.##...####{.#.......#
..##.......#....@.###......#
#######.##..[.###..#.......#
#######.#####.# ##.........#
#....<...# #.# ##........#
#.#......# #.# ##.......#
#.#.##...# ... #........
#)#..#.### ... #..##.##.#
#.##.#.# .... .# #.##.#.#


There were no monsters in sight!

Vanquished Creatures
  A centaur zombie (D:4)
  2 orc priests
  A hound (D:5)
  2 iguanas (D:5)
  3 orc wizards
  2 hound skeletons
  Robin (D:3)
  4 gnolls (D:4)
  3 adders
  An adder skeleton (D:2)
  2 worms
  3 dart slugs
  10 orcs
  A bat zombie (D:2)
  6 endoplasms
  2 giant cockroaches (D:4)
  18 goblins
  12 hobgoblins
  3 jackals (D:1)
  3 quokkas
  6 ball pythons
  2 ball python skeletons (D:2)
  3 bats
  3 frilled lizards
  6 kobolds
  2 quokka zombies (D:2)
  3 rats
105 creatures vanquished.

Notes
Turn   | Place    | Note
-------+----------+-------------------------------------------
     0 | D:1      | Delamore the Octopode Brigand began the quest for the Orb.
     0 | D:1      | Reached XP level 1. HP: 14/14 MP: 1/1
   218 | D:1      | Reached XP level 2. HP: 19/19 MP: 2/2
   354 | D:1      | Reached skill level 6 in Stealth
   641 | D:1      | Reached XP level 3. HP: 24/24 MP: 3/3
  1522 | D:2      | Reached XP level 4. HP: 29/29 MP: 4/4
  1713 | D:3      | Identified the +0 helmet of Valiance {rN+ Regen+ Dex+3}
  1713 | D:3      | Noticed Robin
  1715 | D:3      | Killed Robin
  1716 | D:3      | Reached skill level 7 in Stealth
  2075 | D:3      | Found a faded altar of an unknown god.
  2338 | D:3      | Reached skill level 1 in Evocations
  2701 | D:3      | Found a burning altar of Makhleb.
  3066 | D:3      | Reached XP level 5. HP: 34/34 MP: 5/5
  3602 | D:4      | Reached skill level 8 in Stealth
  3821 | D:4      | Reached XP level 6. HP: 38/39 MP: 6/6
  3907 | D:4      | Found an ornate altar of the Wu Jian Council.
  3969 | D:4      | Found a shimmering blue altar of Sif Muna.
  4008 | D:4      | Found a bloodstained altar of Trog.
  4009 | D:4      | Found a shimmering altar of Xom.
  4009 | D:4      | Found an ancient bone altar of Kikubaaqudgha.
  4010 | D:4      | Found a basalt altar of Yredelemnul.
  4010 | D:4      | Found a sacrificial altar of Ru.
  4545 | D:4      | Found Punlon's Antique Weapon Emporium.
  4635 | D:5      | Entered Level 5 of the Dungeon
  4662 | D:5      | Reached skill level 9 in Stealth
  4665 | D:5      | Reached XP level 7. HP: 45/45 MP: 7/7
  4938 | D:5      | Noticed a vampire
  4960 | D:5      | HP: 2/45 [something (13)]
  4960 | D:5      | Mangled by a vampire

Illustrated notes

Levels and vault maps discovered:
D:1:      amcnicky_arrival_wind_blow, layout_loops_ring, st_stairs_7
D:2:      layout_loops_cross, serial_undead, serial_undead_f, serial_undead_d,
          serial_undead_c, serial_undead_e, minmay_misc_feat_doors
D:3:      layout_basic, lightli_temple_of_fire,
          hellmonk_ecumenical_altar_inner_sanctum, uniq_robin
D:4:      layout_basic, mainiacjoe_overflow_small_starburst,
          grunt_temple_overflow_open, nicolae_sif_muna_condensation,
          serial_shops, nicolae_shop_trees, chequers_serial_rivers_small_b
D:5:      layout_loops_cross

Skill      XL: |  1  2  3  4  5  6  7 |
---------------+----------------------+-----
Stealth        | 6 7 8 9 |  9.2
Short Blades   | 3 4 |  4.1
Evocations     | 1 2 3 |  3.0
Fighting       | |  2.0
Throwing       | |  2.0
Dodging        | |  1.0

Action                   |  1- 3 |  4- 6 |  7- 9 || total
-------------------------+-------+-------+-------++-------
Melee: Dagger            |    50 |   115 |    13 ||   178
       Constrict         |     8 |    30 |     5 ||    43
       Tentacles         |     3 |    29 |     3 ||    35
Throw: Dart              |     8 |     6 |       ||    14
       Javelin           |       |     3 |       ||     3
Evoke: Wand              |       |       |     1 ||     1
  Use: Scroll            |       |     2 |       ||     2
 Stab: Sleeping          |    23 |    16 |       ||    39
       Distracted        |       |     1 |       ||     1
Armor: Skin              |     1 |     2 |       ||     3
Dodge: Dodged            |    14 |    47 |    10 ||    71
